 Dungeon Crawl Stone Soup version 0.27.1-1-g398f81649c (webtiles) character file.

Game seed: 6454131732693690814

2391 ZARRMARR the Covert (level 9, -4/59 HPs)
             Began as an Octopode Conjurer on Sept 10, 2021.
             Was a Believer of Sif Muna.
             Slain by an acid dragon (10 damage)
             ... on level 8 of the Dungeon.
             The game lasted 00:26:37 (8314 turns).

ZARRMARR the Covert (Octopode Conjurer)             Turns: 8314, Time: 00:26:37

Health: -4/59      AC:  1    Str:  6    XL:     9   Next: 46%
Magic:  13/13      EV: 15    Int: 23    God:    Sif Muna [**....]
Gold:   453        SH:  0    Dex: 11    Spells: 13/14 levels left

rFire    . . .     SeeInvis .   l - +1 rapier (speed)
rCold    . . .     Faith    .   (no shield)
rNeg     . . .     Spirit   .   (helmet restricted)
rPois    .         Reflect  .   (no amulet)
rElec    .         Harm     .   q - +4 ring of protection
rCorr    .         Rampage  .   (no ring)
Will     .....                  (no ring)
Stlth    +++++.....             (no ring)
HPRegen  0.19/turn              (no ring)
MPRegen  0.13/turn              (no ring)
                                (no ring)
                                (no ring)

@: corroded
A: almost no armour, amphibious, 8 rings, camouflage 1, gelatinous body 1,
(nimble swimmer 1), tentacles
a: Renounce Religion, Channel Magic


You were on level 8 of the Dungeon.
You worshipped Sif Muna.
Sif Muna was pleased with you.
You visited 2 branches of the dungeon, and saw 9 of its levels.

You collected 453 gold pieces.

Inventory:

Hand Weapons
 l - a +1 rapier of speed (weapon)
Missiles
 r - 7 curare-tipped darts
Jewellery
 q - a +4 ring of protection (left tentacle)
Wands
 v - a wand of acid (19)
Scrolls
 d - 2 scrolls of magic mapping
 e - a scroll of enchant armour
 f - a scroll of amnesia
 h - 2 scrolls of teleportation
 t - a scroll of brand weapon {unknown}
 u - a scroll of torment {unknown}
 w - a scroll of immolation {unknown}
 x - a scroll of enchant weapon {unknown}
Potions
 a - 2 potions of flight {unknown}
 b - a potion of invisibility {unknown}
 c - a potion of lignification {unknown}
 g - 3 potions of attraction {unknown}
 i - 6 potions of mutation {unknown}
 j - 4 potions of curing {unknown}
 k - 2 potions of heal wounds {unknown}
 n - a potion of brilliance {unknown}
 o - a potion of magic {unknown}
 p - a potion of cancellation {unknown}
 s - a potion of might {unknown}


   Skills:
 + Level 4.6 Fighting
 * Level 6.8 Short Blades
 + Level 6.0 Dodging
 + Level 8.5 Stealth
 - Level 3.2 Spellcasting
 - Level 4.9 Conjurations


You had 13 spell levels left.
You knew the following spells:

 Your Spells              Type           Power      Damage    Failure   Level
a - Magic Dart            Conj           100%       1d8       1%          1

Your spell library contained the following spells:

 Spells                   Type           Power      Damage    Failure   Level
 Searing Ray              Conj           52%        3d5       2%          2
 Foxfire                  Conj/Fire      60%        2x1d7     4%          1
 Pain                     Necr           12%        1d4       12%         1
 Conjure Flame            Conj/Fire      15%        6-21      12%         3
 Dazzling Flash           Conj/Hex       30%        N/A       12%         3
 Slow                     Hex            3%         N/A       17%         2
 Confusing Touch          Hex            3%         N/A       34%         3
 Inner Flame              Hex/Fire       3%         N/A       34%         3
 Vampiric Draining        Necr           1%         2d6       34%         3
 Fulminant Prism          Conj/Hex       7%         3d7       38%         4
 Iskenderun's Mystic Bla  Conj/Tloc      15%        2d5       38%         4
 Agony                    Necr           3%         N/A       97%         5
 Excruciating Wounds      Necr           1%         N/A       97%         5


Dungeon Overview and Level Annotations

Branches:
Dungeon (8/15)             Temple (1/1) D:4
   Lair: D:8-11

Altars:
Ashenzari
Dithmenos
Gozag
Hepliaklqana
Makhleb
Nemelex Xobeh
Okawaru
Sif Muna
Trog
Vehumet
Wu Jian
Xom
Yredelemnul
Zin
The Shining One

Shops:
D:3 [

Annotations:
D:4 exclusion: 2 downstairs
D:7 2 transporters, exclusions: jelly, 3 orcs and troll, ZARRMARR's ghost, novice OpBr


Innate Abilities, Weirdness & Mutations

You cannot wear most types of armour.
You are amphibious.
You can wear up to eight rings at the same time.
Your skin changes colour to match your surroundings (Stealth+).
Your rubbery body absorbs attacks. (AC +1, EV +1)
((You are camouflaged near water. (Stealth+)))
You have tentacles for arms and can constrict up to eight enemies at once.


Message History

The acid dragon is moderately wounded.
Aiming: Throw Flame
Press: ? - help, Shift-Dir - straight line, f/p - acid dragon
Aim: an acid dragon (moderately wounded, 68% to hit)
The puff of flame hits the acid dragon.
The acid dragon is moderately wounded.
The now-empty wand crumbles to dust.
You see here 17 gold pieces.
The acid dragon misses you. The acid dragon claws you.
You hit the acid dragon.
The acid dragon is heavily wounded.
The acid dragon misses you. The acid dragon barely misses you.
You closely miss the acid dragon.
The acid dragon is heavily wounded.
You hit the acid dragon.
The acid dragon is heavily wounded.
The acid dragon spits acid at you. The splash of acid hits you!
You are splashed with acid!
You hit the acid dragon but do no damage.
The acid dragon is heavily wounded.
The acid dragon spits acid at you. The splash of acid hits you!
The acid corrodes you!
You are splashed with acid!
* * * LOW HITPOINT WARNING * * *
You closely miss the acid dragon.
The acid dragon is heavily wounded.
You completely miss the acid dragon. Your squeeze misses the acid dragon.
The acid dragon is heavily wounded.
The acid dragon bites you but does no damage.
The acid dragon claws you but does no damage.
You hit the acid dragon.
The acid dragon is heavily wounded.
You closely miss the acid dragon.
The acid dragon is heavily wounded.
The acid dragon closely misses you. x2
You hit the acid dragon.
The acid dragon is severely wounded.
You closely miss the acid dragon.
The acid dragon is severely wounded.
The acid dragon bites you!
You die...

........# #...#
#.........# #...#
#.........# #...#
#.........# #...#
#.........# #...#
#.........#########...#
+.........'.......'(...
#.....D.[.#########....
#.....@$...## #....o...
#.....$.....# ####.....
#...........# #.....
#./.........# #.....
####........# #.....
#.#####.## #..... #.
#.# #..... #. #.#
#.#'## .. #.# #.#.##


You could see an acid dragon.

Vanquished Creatures
  Grinder (D:5)
  Menkaure (D:7)
  A water moccasin (D:5)
  2 ice beasts
  A sky beast (D:5)
  3 ogres
  2 necrophages
  2 centaurs (D:7)
  4 bullfrogs
  4 howler monkeys
  A jelly (D:7)
  2 bullfrog zombies
  A hound (D:6)
  3 orc priests
  2 centaur skeletons
  2 iguanas (D:6)
  5 orc wizards
  2 hound zombies (D:5)
  A hound skeleton (D:4)
  A howler monkey zombie (D:5)
  3 gnolls (D:4)
  7 adders
  2 shadow imps (D:7)
  3 dart slugs (D:1)
  14 orcs
  8 ball pythons
  4 endoplasms
  2 giant cockroaches
  9 goblins
  10 hobgoblins
  6 jackals
  4 quokkas
  4 bats
  4 frilled lizards
  10 kobolds
  4 rats
135 creatures vanquished.

Vanquished Creatures (others)
  A fungus (D:2)
  7 plants
8 creatures vanquished.

Grand Total: 143 creatures vanquished

Notes
Turn   | Place    | Note
-------+----------+-------------------------------------------
     0 | D:1      | ZARRMARR the Octopode Conjurer began the quest for the Orb.
     0 | D:1      | Reached XP level 1. HP: 11/11 MP: 3/3
   152 | D:1      | You fall into a shaft and drop 1 floor!
   202 | D:1      | Reached skill level 3 in Stealth
   202 | D:1      | Reached XP level 2. HP: 12/17 MP: 0/5
   526 | D:1      | Reached XP level 3. HP: 21/21 MP: 3/6
  1552 | D:2      | Found a faded altar of an unknown god.
  1702 | D:3      | Found Itud's Antique Armour Shop.
  1732 | D:3      | Reached XP level 4. HP: 27/27 MP: 5/7
  2564 | D:4      | Reached skill level 4 in Stealth
  2706 | D:4      | Reached XP level 5. HP: 31/31 MP: 3/9
  2900 | D:4      | Noticed a necrophage
  2988 | D:5      | Entered Level 5 of the Dungeon
  3012 | D:5      | Noticed Grinder
  3013 | D:5      | Reached XP level 6. HP: 25/36 MP: 10/10
  3014 | D:4      | Found a shimmering blue altar of Sif Muna.
  3109 | D:4      | Became a worshipper of Sif Muna the Loreminder
  3197 | D:4      | Killed a necrophage
  3198 | D:4      | Reached skill level 1 in Short Blades
  3198 | D:4      | Reached skill level 5 in Stealth
  3267 | D:4      | Found a radiant altar of Vehumet.
  3380 | D:4      | Found a staircase to the Ecumenical Temple.
  3391 | D:4      | Reached skill level 1 in Fighting
  3541 | Temple   | Entered the Ecumenical Temple
  3720 | D:5      | Paralysed by Grinder for 3 turns
  3824 | D:5      | Killed Grinder
  3825 | D:5      | Reached XP level 7. HP: 35/45 MP: 11/11
  3965 | D:5      | Reached skill level 6 in Stealth
  4044 | D:5      | Reached * piety under Sif Muna
  4118 | D:5      | Reached XP level 8. HP: 51/51 MP: 6/12
  4934 | D:6      | Reached skill level 7 in Stealth
  5320 | D:6      | Reached skill level 5 in Short Blades
  5320 | D:6      | Reached skill level 5 in Dodging
  6531 | D:7      | Noticed Menkaure
  6538 | D:7      | Killed Menkaure
  6539 | D:7      | Reached XP level 9. HP: 27/58 MP: 13/13
  6960 | D:7      | Noticed a troll
  6994 | D:7      | Reached skill level 8 in Stealth
  7052 | D:7      | Noticed ZARRMARR's ghost (novice OpBr)
  7219 | D:7      | Found a transporter.
  7220 | D:7      | Found a transporter.
  7234 | D:7      | Noticed a queen bee
  7377 | D:7      | Found a glowing golden altar of the Shining One.
  7420 | D:7      | Found a burning altar of Makhleb.
  7421 | D:7      | Noticed a blizzard demon
  7425 | D:7      | Noticed a smoke demon
  7442 | D:7      | Noticed a hornet
  8108 | D:8      | Found a sparkling altar of Nemelex Xobeh.
  8185 | D:8      | Reached ** piety under Sif Muna
  8314 | D:8      | Slain by an acid dragon

Illustrated notes

Levels and vault maps discovered:
D:1:      mrwooster_arrival_arrow, layout_rooms
D:2:      layout_rooms, shapermc_ecumenical_altar_mp_ritualfount
D:3:      layout_loops_ring, serial_shops, nicolae_shop_overgrown_old_shop
D:4:      layout_rooms, overflow_temple_1_default, vehumet_altar_wand_db,
          minmay_temple_entry_overgrown
D:5:      layout_loops_ring, uniq_grinder
D:6:      layout_basic, patterned_corridor
D:7:      layout_layer_cave, nicolae_tso_swordbearing_angel,
          makhleb_altar_promises_db, gammafunk_ghost_hive, uniq_menkaure
D:8:      layout_basic, cheibriados_altar_1, mainiacjoe_overflow_small_starburst
Temple:   eino_temple_lava

Skill      XL: |  1  2  3  4  5  6  7  8  9 |
---------------+----------------------------+-----
Stealth        | 3 4 5 6 7 8 |  8.5
Dodging        | 3 4 5 6 |  6.0
Spellcasting   | 3 |  3.2
Short Blades   | 3 4 5 6 |  6.8
Fighting       | 2 3 4 |  4.6
Conjurations   | |  4.9

Action                   |  1- 3 |  4- 6 |  7- 9 || total
-------------------------+-------+-------+-------++-------
Melee: Dagger            |    22 |    18 |       ||    40
       Constrict         |     7 |    10 |    15 ||    32
       Tentacles         |     1 |     4 |    15 ||    20
       Unarmed           |     1 |       |       ||     1
       Rapier            |       |    28 |   123 ||   151
 Cast: Magic Dart        |    81 |    91 |    56 ||   228
Evoke: Wand              |       |     7 |    10 ||    17
  Use: Scroll            |     4 |     1 |     2 ||     7
 Stab: Sleeping          |     1 |     4 |    11 ||    16
       Distracted        |       |       |     1 ||     1
Armor: Skin              |     2 |     3 |     9 ||    14
Dodge: Dodged            |     9 |    22 |    39 ||    70
